[Event "POL-chT 2 Liga 2019"]
[Site "Poronin"]
[Date "2019.09.14"]
[Round "8.45"]
[White "Bardeli, Lukasz"]
[Black "Augustyn, Sebastian"]
[Result "1-0"]
[ECO "A06"]
[WhiteElo "2144"]
[BlackElo "2171"]
[Annotator "NA"]
[PlyCount "115"]
[EventDate "2019.09.07"]
[EventType "team-tourn"]
[EventCountry "POL"]
[SourceTitle "playchess.com"]
[Source "ChessBase"]
[SourceQuality "1"]
[TimeControl "40/5400+30:1800+30"]

1. Nf3 d5 2. g3 Nf6 3. Bg2 e6 4. O-O Be7 5. c4 O-O 6. b3 c5 7. Bb2 Nc6 8. cxd5 Nxd5 9. Nc3 Bf6 10. Qc2 b6 11. Nxd5 exd5 12. d4 Nb4 13. Qd2 Bb7 14. Rfd1 Qe7 15. dxc5 bxc5 16. Bxf6 Qxf6 17. Rac1 Rac8 18. a3 Na6 19. Qg5 Qb6 20. Nh4 h6 21. Qg4 Kh7 22. Bxd5 Bxd5 23. Qf5+ Kg8 24. Qxd5 Rcd8 25. Qc4 Rfe8 26. Nf5 Qf6 27. Ne3 Rd6 28. Rxd6 Qxd6 29. Rd1 Qc6 30. b4 Qa4 31. Rd6 Nc7 32. Qxc5 Ne6 33. Qc6 Qxc6 34. Rxc6 Nd4 35. Ra6 Re7 36. Kf1 Kf8 37. Nd5 Rd7 38. Nf4 Rb7 39. e3 Nf3 40. h4 Ke8 41. Ke2 Ne5 42. Nd3 Nc4 43. Nc5 Rc7 44. e4 Kd8 45. f4 Kc8 46. Kd3 Nb6 47. Kd4 Re7 48. e5 Kb8 49. a4 Re8 50. Ne4 Re7 51. Nd6 f6 52. a5 fxe5+ 53. fxe5 Nd7 54. Rc6 a6 55. Rc8+ Ka7 56. Rc7+ Kb8 57. Rb7+ Ka8 58. e6 1-0

[Event "POL-chT 2 Liga 2019"]
[Site "Poronin"]
[Date "2019.09.14"]
[Round "8.46"]
[White "Markiewicz, Mateusz"]
[Black "Butyrowski, Marcel"]
[Result "1-0"]
[ECO "B20"]
[WhiteElo "2024"]
[BlackElo "1873"]
[Annotator "NA"]
[PlyCount "85"]
[EventDate "2019.09.07"]
[EventType "team-tourn"]
[EventCountry "POL"]
[SourceTitle "playchess.com"]
[Source "ChessBase"]
[SourceQuality "1"]
[TimeControl "40/5400+30:1800+30"]

1. e4 c5 2. g3 Nc6 3. Bg2 g6 4. f4 Bg7 5. Nf3 d6 6. c3 Nf6 7. d3 O-O 8. O-O c4 9. Na3 cxd3 10. Qxd3 Ng4 11. Kh1 a6 12. h3 Nf6 13. Be3 Rb8 14. Rad1 Qc7 15. Nd4 Bd7 16. Bf2 b5 17. Nac2 Na5 18. Ne3 Rfc8 19. Nd5 Qd8 20. e5 Nxd5 21. Bxd5 Bxh3 22. e6 f5 23. Rfe1 Bg4 24. Rc1 Qe8 25. Rc2 Nc4 26. a4 Nb6 27. Bg2 Nxa4 28. Ra1 a5 29. b4 axb4 30. cxb4 Rxc2 31. Qxc2 Rc8 32. Qd3 Nc3 33. Bb7 Ne4 34. Kg1 Nxf2 35. Kxf2 Rb8 36. Ra7 Qd8 37. Nc6 Qb6+ 38. Qe3 Rxb7 39. Nxe7+ Kf8 40. Nxg6+ hxg6 41. e7+ Ke8 42. Ra8+ Rb8 43. Qxb6 1-0

[Event "POL-chT 2 Liga 2019"]
[Site "Poronin"]
[Date "2019.09.14"]
[Round "8.47"]
[White "Wojdak, Jan"]
[Black "Tatarczany, Piotr"]
[Result "1/2-1/2"]
[ECO "B93"]
[WhiteElo "1973"]
[BlackElo "1616"]
[Annotator "NA"]
[PlyCount "196"]
[EventDate "2019.09.07"]
[EventType "team-tourn"]
[EventCountry "POL"]
[SourceTitle "playchess.com"]
[Source "ChessBase"]
[SourceQuality "1"]
[TimeControl "40/5400+30:1800+30"]

1. e4 c5 2. Nf3 d6 3. d4 cxd4 4. Nxd4 Nf6 5. Nc3 a6 6. f4 Nbd7 7. Nf3 e6 8. a4 Be7 9. Bd3 O-O 10. O-O Qc7 11. Kh1 b6 12. Qe1 Bb7 13. Bd2 Nc5 14. b4 Nxd3 15. cxd3 Rac8 16. Rc1 Qd7 17. Qf2 b5 18. axb5 axb5 19. Nd4 Bc6 20. Ra1 Ra8 21. Rfc1 Rxa1 22. Rxa1 Rb8 23. Ra6 Rc8 24. Nxc6 Rxc6 25. Ra7 Rc7 26. Rxc7 Qxc7 27. Nxb5 Ng4 28. Nxc7 Nxf2+ 29. Kg1 Nxd3 30. Na6 Bd8 31. Be3 Nb2 32. Kf2 Nc4 33. Ke2 Kf8 34. Bd4 f6 35. Kd3 d5 36. exd5 exd5 37. Bc5+ Kf7 38. Kd4 Ke6 39. f5+ Kxf5 40. Kxd5 Ne5 41. b5 h5 42. b6 Bxb6 43. Bxb6 Ng4 44. Bg1 g5 45. Nc5 Ne5 46. Ne4 h4 47. Nxf6 Nd3 48. Nh5 Ne1 49. Ng7+ Kg4 50. Ke4 Nxg2 51. Ne8 Nf4 52. Nf6+ Kh3 53. Kf3 Ng2 54. Ne4 g4+ 55. Kf2 g3+ 56. hxg3 hxg3+ 57. Nxg3 Nf4 58. Kf3 Nd5 59. Nf5 Nf6 60. Bf2 Nd7 61. Bg3 Nf6 62. Be5 Nd7 63. Bd4 Kh2 64. Ke4 Kg2 65. Kd5 Kf3 66. Ke6 Ke4 67. Ba7 Nf8+ 68. Kf6 Nd7+ 69. Kg5 Ke5 70. Bf2 Ke4 71. Nd6+ Kd5 72. Ne8 Ke4 73. Bg3 Kf3 74. Bd6 Ke4 75. Nc7 Ne5 76. Kf6 Ng4+ 77. Ke6 Ne3 78. Na6 Nc4 79. Bc5 Ne3 80. Nb4 Nc4 81. Nd5 Nd2 82. Nf6+ Kd3 83. Kd5 Nb3 84. Bb6 Nd2 85. Nd7 Nb3 86. Ne5+ Kc3 87. Bf2 Kc2 88. Kc4 Nd2+ 89. Kb4 Ne4 90. Be3 Nd2 91. Bh6 Ne4 92. Kc4 Nd2+ 93. Kb4 Ne4 94. Ng4 Kd3 95. Bg7 Nd2 96. Bc3 Ne4 97. Be1 Ke2 98. Ne3 Kxe3 1/2-1/2

[Event "POL-chT 2 Liga 2019"]
[Site "Poronin"]
[Date "2019.09.14"]
[Round "8.48"]
[White "Jalowiec, Halina"]
[Black "Szelag, Zuzanna"]
[Result "1/2-1/2"]
[ECO "B52"]
[WhiteElo "1842"]
[BlackElo "1824"]
[Annotator "NA"]
[PlyCount "42"]
[EventDate "2019.09.07"]
[EventType "team-tourn"]
[EventCountry "POL"]
[SourceTitle "playchess.com"]
[Source "ChessBase"]
[SourceQuality "1"]
[TimeControl "40/5400+30:1800+30"]

1. e4 c5 2. Nf3 d6 3. Bb5+ Bd7 4. Bxd7+ Qxd7 5. c4 Nf6 6. Nc3 g6 7. d4 cxd4 8. Nxd4 Bg7 9. f3 O-O 10. Be3 e6 11. Qd2 Rc8 12. Ndb5 Ne8 13. Rd1 Rxc4 14. Nxd6 Nxd6 15. Qxd6 Qxd6 16. Rxd6 Na6 17. Kd2 Nc5 18. Bxc5 Rxc5 19. Rd7 b6 20. Kc2 Rac8 21. Rd3 Bf6 1/2-1/2

[Event "POL-chT 2 Liga 2019"]
[Site "Poronin"]
[Date "2019.09.14"]
[Round "8.49"]
[White "Kudas, Damian"]
[Black "Bobula, Mateusz"]
[Result "1/2-1/2"]
[ECO "D43"]
[WhiteElo "2115"]
[BlackElo "2326"]
[Annotator "NA"]
[PlyCount "47"]
[EventDate "2019.09.07"]
[EventType "team-tourn"]
[EventCountry "POL"]
[SourceTitle "playchess.com"]
[Source "ChessBase"]
[SourceQuality "1"]
[TimeControl "40/5400+30:1800+30"]

1. d4 d5 2. c4 c6 3. Nc3 Nf6 4. Nf3 e6 5. Bg5 h6 6. Bxf6 Qxf6 7. e3 Nd7 8. Rc1 Bd6 9. Be2 Qe7 10. O-O O-O 11. a3 dxc4 12. Bxc4 e5 13. Qc2 exd4 14. exd4 Nb6 15. Rfe1 Qc7 16. Ba2 Bf4 17. Ra1 Bg4 18. Ne5 Bxe5 19. Rxe5 Rae8 20. Rae1 Rxe5 21. Rxe5 Nd7 22. Re7 Qd6 23. Qe4 Bh5 24. h3 1/2-1/2

[Event "POL-chT 2 Liga 2019"]
[Site "Poronin"]
[Date "2019.09.14"]
[Round "8.50"]
[White "Kyc, Jerzy"]
[Black "Brozyna, Mateusz"]
[Result "1/2-1/2"]
[ECO "C95"]
[WhiteElo "2309"]
[BlackElo "2194"]
[Annotator "NA"]
[PlyCount "40"]
[EventDate "2019.09.07"]
[EventType "team-tourn"]
[EventCountry "POL"]
[SourceTitle "playchess.com"]
[Source "ChessBase"]
[SourceQuality "1"]
[TimeControl "40/5400+30:1800+30"]

1. e4 e5 2. Nf3 Nc6 3. Bb5 a6 4. Ba4 Nf6 5. O-O Be7 6. Re1 b5 7. Bb3 d6 8. h3 O-O 9. c3 Nb8 10. d4 Nbd7 11. Nbd2 Bb7 12. Bc2 Re8 13. Nf1 Bf8 14. Ng3 g6 15. Bd2 Bg7 16. Qc1 d5 17. dxe5 Nxe4 18. Nxe4 dxe4 19. Bg5 Qc8 20. Bxe4 Nxe5 1/2-1/2

[Event "POL-chT 2 Liga 2019"]
[Site "Poronin"]
[Date "2019.09.14"]
[Round "8.51"]
[White "Watorek, Marcin"]
[Black "Gesicki, Jacek"]
[Result "0-1"]
[ECO "A43"]
[WhiteElo "2091"]
[BlackElo "2234"]
[Annotator "NA"]
[PlyCount "100"]
[EventDate "2019.09.07"]
[EventType "team-tourn"]
[EventCountry "POL"]
[SourceTitle "playchess.com"]
[Source "ChessBase"]
[SourceQuality "1"]
[TimeControl "40/5400+30:1800+30"]

1. d4 Nf6 2. c4 c5 3. d5 d6 4. Nc3 g6 5. Nf3 Bg7 6. g3 O-O 7. Bg2 e6 8. O-O exd5 9. cxd5 Re8 10. Bf4 Bf5 11. Qb3 b6 12. a3 Ne4 13. Nxe4 Bxe4 14. Nd2 Bxg2 15. Kxg2 Rxe2 16. Nc4 Re4 17. Rfe1 Rxe1 18. Rxe1 Bf8 19. Qb5 Nd7 20. Nxd6 Ne5 21. Bxe5 Bxd6 22. Bc3 Bf8 23. Qd3 Qd7 24. Bf6 Re8 25. Rxe8 Qxe8 26. h4 h5 27. Qf3 Bd6 28. Bc3 f5 29. Qd3 Kf7 30. Qd2 f4 31. Qd3 Qd7 32. Bh8 fxg3 33. fxg3 Qg4 34. Bc3 a6 35. Qf1+ Kg8 36. Qf3 b5 37. Qe3 Kf7 38. b4 Qf5 39. Qf3 c4 40. Bd4 Qxf3+ 41. Kxf3 Be7 42. Be3 Bf6 43. Bc1 Ke7 44. Ke4 Kd7 45. a4 bxa4 46. Ba3 Be7 47. Kd4 a5 48. Kxc4 axb4 49. Bc1 b3 50. Kc3 Bf6+ 0-1

[Event "POL-chT 2 Liga 2019"]
[Site "Poronin"]
[Date "2019.09.14"]
[Round "8.52"]
[White "Sendera, Jaroslaw"]
[Black "Stanach, Fabian"]
[Result "1-0"]
[ECO "B27"]
[WhiteElo "2203"]
[BlackElo "2038"]
[Annotator "NA"]
[PlyCount "71"]
[EventDate "2019.09.07"]
[EventType "team-tourn"]
[EventCountry "POL"]
[SourceTitle "playchess.com"]
[Source "ChessBase"]
[SourceQuality "1"]
[TimeControl "40/5400+30:1800+30"]

1. e4 c5 2. Nf3 g6 3. d4 cxd4 4. Qxd4 Nf6 5. Nc3 Nc6 6. Qa4 d6 7. e5 dxe5 8. Nxe5 Bg7 9. Bb5 O-O 10. Nxc6 bxc6 11. Bxc6 Bd7 12. Bxd7 Nxd7 13. O-O Nb6 14. Qh4 Bxc3 15. bxc3 Re8 16. Bh6 Qc7 17. Rae1 Rac8 18. Re3 Nd5 19. Qd4 Nf6 20. Rfe1 Qc6 21. Rxe7 Red8 22. Qe5 Qxc3 23. Qxc3 Rxc3 24. h3 Rxc2 25. Rxa7 Nd5 26. a4 Rdc8 27. a5 Ra2 28. Re5 Ra1+ 29. Kh2 Rd1 30. Rd7 Ne3 31. Rxd1 Nxd1 32. a6 Ra8 33. a7 f6 34. Re7 Nc3 35. Rb7 Nd5 36. Rb8+ 1-0

[Event "POL-chT 2 Liga 2019"]
[Site "Poronin"]
[Date "2019.09.14"]
[Round "8.53"]
[White "Lach, Piotr"]
[Black "Kopacz, Grzegorz"]
[Result "1/2-1/2"]
[ECO "B31"]
[WhiteElo "2125"]
[BlackElo "2111"]
[Annotator "NA"]
[PlyCount "41"]
[EventDate "2019.09.07"]
[EventType "team-tourn"]
[EventCountry "POL"]
[SourceTitle "playchess.com"]
[Source "ChessBase"]
[SourceQuality "1"]
[TimeControl "40/5400+30:1800+30"]

1. e4 c5 2. Nf3 Nc6 3. Bb5 g6 4. O-O Bg7 5. Re1 e5 6. Bxc6 dxc6 7. d3 Ne7 8. a4 h6 9. Na3 Be6 10. Be3 b6 11. Nc4 Qc7 12. Qd2 Bxc4 13. dxc4 Rd8 14. Qc1 a5 15. h3 Nc8 16. Bd2 Qe7 17. b3 h5 18. Rb1 O-O 19. Bh6 Rd7 20. Bd2 f6 21. c3 1/2-1/2

[Event "POL-chT 2 Liga 2019"]
[Site "Poronin"]
[Date "2019.09.14"]
[Round "8.54"]
[White "Trybowska, Barbara"]
[Black "Jedrocha, Katarzyna"]
[Result "1-0"]
[ECO "B94"]
[WhiteElo "1689"]
[BlackElo "1943"]
[Annotator "NA"]
[PlyCount "31"]
[EventDate "2019.09.07"]
[EventType "team-tourn"]
[EventCountry "POL"]
[SourceTitle "playchess.com"]
[Source "ChessBase"]
[SourceQuality "1"]
[TimeControl "40/5400+30:1800+30"]

1. e4 c5 2. Nf3 d6 3. d4 cxd4 4. Nxd4 Nf6 5. Nc3 a6 6. Bg5 Nbd7 7. f4 Qc7 8. Qf3 b5 9. Bxf6 Nxf6 10. e5 Bb7 11. exd6 Qb6 12. Qe3 e6 13. O-O-O Bxd6 14. Ncxb5 axb5 15. Bxb5+ Kf8 16. Nxe6+ 1-0

[Event "POL-chT 2 Liga 2019"]
[Site "Poronin"]
[Date "2019.09.15"]
[Round "9.1"]
[White "Maciejczak, Jakub"]
[Black "Oglaza, Oskar"]
[Result "1/2-1/2"]
[ECO "B23"]
[WhiteElo "2383"]
[BlackElo "2351"]
[Annotator "ChessBase"]
[PlyCount "21"]
[EventDate "2019.09.07"]
[EventType "team-tourn"]
[EventCountry "POL"]
[SourceTitle "playchess.com"]
[Source "ChessBase"]
[SourceQuality "1"]
[TimeControl "40/5400+30:1800+30"]

1. e4 c5 2. Nc3 a6 3. g3 b5 4. Bg2 Bb7 5. d3 e6 6. Nf3 d6 7. O-O Nf6 8. a4 b4 9. Ne2 Be7 10. b3 O-O 11. Bb2 1/2-1/2

[Event "POL-chT 2 Liga 2019"]
[Site "Poronin"]
[Date "2019.09.15"]
[Round "9.3"]
[White "Janaszak, Dawid"]
[Black "Licznerski, Lukasz"]
[Result "1/2-1/2"]
[ECO "B17"]
[WhiteElo "2351"]
[BlackElo "2356"]
[Annotator "ChessBase"]
[PlyCount "26"]
[EventDate "2019.09.07"]
[EventType "team-tourn"]
[EventCountry "POL"]
[SourceTitle "playchess.com"]
[Source "ChessBase"]
[SourceQuality "1"]
[TimeControl "40/5400+30:1800+30"]

1. e4 c6 2. d4 d5 3. Nc3 dxe4 4. Nxe4 Nd7 5. Nf3 Ngf6 6. Nxf6+ Nxf6 7. c3 Bg4 8. h3 Bh5 9. Be2 e6 10. Qb3 Qb6 11. O-O Bd6 12. Re1 O-O 13. Be3 Nd5 1/2-1/2

[Event "POL-chT 2 Liga 2019"]
[Site "Poronin"]
[Date "2019.09.15"]
[Round "9.4"]
[White "Punin, Andrii"]
[Black "Malovanyi, Yulian"]
[Result "1/2-1/2"]
[ECO "B30"]
[WhiteElo "2325"]
[BlackElo "2320"]
[Annotator "ChessBase"]
[PlyCount "20"]
[EventDate "2019.09.07"]
[EventType "team-tourn"]
[EventCountry "POL"]
[SourceTitle "playchess.com"]
[Source "ChessBase"]
[SourceQuality "1"]
[TimeControl "40/5400+30:1800+30"]

1. e4 c5 2. Nf3 Nc6 3. Bb5 d6 4. O-O Bd7 5. Re1 Nf6 6. c3 a6 7. Bf1 Bg4 8. h3 Bxf3 9. Qxf3 g6 10. d3 Bg7 1/2-1/2

[Event "POL-chT 2 Liga 2019"]
[Site "Poronin"]
[Date "2019.09.15"]
[Round "9.7"]
[White "Pakleza, Zbigniew"]
[Black "Lewicki, Miroslaw"]
[Result "1-0"]
[ECO "B22"]
[WhiteElo "2491"]
[BlackElo "2351"]
[Annotator "ChessBase"]
[PlyCount "87"]
[EventDate "2019.09.07"]
[EventType "team-tourn"]
[EventCountry "POL"]
[SourceTitle "playchess.com"]
[Source "ChessBase"]
[SourceQuality "1"]
[TimeControl "40/5400+30:1800+30"]

1. e4 c5 2. c3 d6 3. d4 cxd4 4. cxd4 g6 5. Nc3 Bg7 6. Be3 Nf6 7. f3 O-O 8. Bd3 Nc6 9. Nge2 d5 10. e5 Ne8 11. f4 Nc7 12. O-O f6 13. Qd2 Bf5 14. Bxf5 gxf5 15. Ng3 e6 16. Nh5 Qe8 17. Qe2 Kh8 18. Rac1 Rc8 19. b3 Qf7 20. Na4 Rg8 21. Nc5 Ne8 22. Nxg7 Rxg7 23. Nd3 Qg8 24. Rc2 Rcc7 25. Rfc1 fxe5 26. fxe5 Rg4 27. Qf2 f4 28. Nxf4 Rf7 29. h3 Rg3 30. Rf1 Ne7 31. Ng6+ Qxg6 32. Qxf7 Qxc2 33. Bf2 Rg8 34. Qxe7 Qxa2 35. Qxe6 Qxb3 36. Re1 Ng7 37. Qf7 a5 38. Bh4 a4 39. Bf6 Qb4 40. Rc1 Qf8 41. Qxf8 Rxf8 42. Rc7 Rg8 43. e6 a3 44. Rxg7 1-0

[Event "POL-chT 2 Liga 2019"]
[Site "Poronin"]
[Date "2019.09.15"]
[Round "9.8"]
[White "Kozak, Antoni"]
[Black "Jakubiec, Artur"]
[Result "0-1"]
[ECO "E70"]
[WhiteElo "2341"]
[BlackElo "2472"]
[Annotator "ChessBase"]
[PlyCount "60"]
[EventDate "2019.09.07"]
[EventType "team-tourn"]
[EventCountry "POL"]
[SourceTitle "playchess.com"]
[Source "ChessBase"]
[SourceQuality "1"]
[TimeControl "40/5400+30:1800+30"]

1. d4 Nf6 2. c4 g6 3. Nc3 Bg7 4. e4 O-O 5. Nf3 d6 6. h3 c5 7. d5 a6 8. a4 e6 9. Bd3 b6 10. O-O Ra7 11. Nh2 e5 12. Ng4 h5 13. Nh2 Nh7 14. a5 bxa5 15. Qa4 f5 16. Qxa5 Qe7 17. f3 Rb7 18. Na4 f4 19. Nb6 Bxh3 20. gxh3 Qd8 21. Na8 Qc8 22. Bd2 Bf6 23. Nb6 Qxh3 24. Na4 Bh4 25. Be1 Bg3 26. Qd2 g5 27. Qg2 Qh4 28. b4 Bxe1 29. Rfxe1 Rxb4 30. Bf1 Rxa4 0-1

[Event "POL-chT 2 Liga 2019"]
[Site "Poronin"]
[Date "2019.09.15"]
[Round "9.9"]
[White "Tymrakiewicz, Rafal"]
[Black "Mis, Mieszko"]
[Result "0-1"]
[ECO "B13"]
[WhiteElo "2257"]
[BlackElo "2320"]
[Annotator "NA"]
[PlyCount "90"]
[EventDate "2019.09.07"]
[EventType "team-tourn"]
[EventCountry "POL"]
[SourceTitle "playchess.com"]
[Source "ChessBase"]
[SourceQuality "1"]
[TimeControl "40/5400+30:1800+30"]

1. e4 c6 2. d4 d5 3. exd5 cxd5 4. c3 Nc6 5. Bf4 g6 6. Nf3 Bg7 7. Nbd2 Nh6 8. Be2 Nf5 9. Qb3 O-O 10. h4 h5 11. Nf1 Re8 12. O-O-O $11 a6 13. Ne3 Nxe3 14. fxe3 Bf5 15. Bd3 Bxd3 16. Rxd3 Qd7 17. Rf1 b5 18. Kb1 Rac8 19. Ka1 Na5 20. Qd1 Nc4 21. Ne5 Qe6 22. g4 f6 23. Nxg6 Qxg4 24. Qxg4 hxg4 25. h5 Kh7 26. Rg1 f5 27. b3 Nb6 28. Ne5 Bxe5 29. dxe5 e6 30. Kb2 Nd7 31. Rd4 Nc5 32. Rc1 Rg8 33. Ka3 Ne4 34. c4 bxc4 35. bxc4 g3 36. Rg1 Rxc4 37. Rd3 g2 38. Rb3 Rc3 39. Kb4 Rxb3+ 40. axb3 Nd2 41. e4 Nf3 42. Be3 Nxg1 43. Bxg1 dxe4 44. Ka5 f4 45. Kxa6 e3 0-1

[Event "POL-chT 2 Liga 2019"]
[Site "Poronin"]
[Date "2019.09.15"]
[Round "9.10"]
[White "Szpar, Milosz"]
[Black "Szoen, Dariusz"]
[Result "0-1"]
[ECO "B53"]
[WhiteElo "2309"]
[BlackElo "2415"]
[Annotator "NA"]
[PlyCount "74"]
[EventDate "2019.09.07"]
[EventType "team-tourn"]
[EventCountry "POL"]
[SourceTitle "playchess.com"]
[Source "ChessBase"]
[SourceQuality "1"]
[TimeControl "40/5400+30:1800+30"]

1. e4 c5 2. Nf3 d6 3. d4 cxd4 4. Qxd4 Nc6 5. Bb5 Bd7 6. Bxc6 Bxc6 7. Nc3 Nf6 8. Bg5 e6 9. O-O-O Be7 10. Qd3 Qa5 11. h4 h6 12. Bd2 Ng4 {[%emt 0:14:11] B53: Sicilian: 2...d6: Lines with Qxd4} (12... Qa6 13. Nd4 Qxd3 14. cxd3 Ng4 15. Nxc6 bxc6 16. Rdf1 d5 17. Kc2 Bc5 18. Nd1 h5 19. Bc3 Nf6 20. f3 {1-0 (59) Hamdouchi,H (2580)-Navara,D (2727) Brest 2018}) 13. Qe2 Qc5 14. Nd4 Ne5 $146 ({Predecessor:} 14... h5 15. Bg5 Bxg5+ 16. hxg5 Qxg5+ 17. Kb1 Ke7 18. Rhf1 Rhd8 19. f4 Qc5 20. f5 {½-½ (42) Skripchenko,A (2400)-Wang,L (2290) Kishinev 1995}) 15. Nb3 Qc4 $1 16. Qe3 a5 $1 17. f4 Ng4 18. Qg3 h5 19. Be1 a4 ({Avoid the trap} 19... Bxe4 $2 20. Nd2 $18) 20. Rd4 Qa6 21. Nd2 b5 22. a3 O-O 23. Na2 Qb6 24. Nf3 {[%emt 0:02:54] [#]} e5 $1 25. Rd1 Bxe4 26. Nc3 $2 (26. Bb4 Qe3+ 27. Rd2 exf4 28. Qe1) 26... Bb7 27. fxe5 dxe5 (27... b4 $142 28. axb4 a3 29. bxa3 Rxa3) 28. Nxe5 b4 29. axb4 $19 (29. Nd7 {was the crucial defense.} Qe3+ 30. Qxe3 Nxe3 31. Rd3 Nxg2 32. axb4) 29... a3 30. bxa3 Rxa3 31. Nxg4 Bxb4 32. Rd3 Ra1+ 33. Kd2 hxg4 34. Qxg4 Ba6 35. Rhh3 Bxd3 36. Rxd3 Re8 37. Bg3 Qg1 0-1

[Event "POL-chT 2 Liga 2019"]
[Site "Poronin"]
[Date "2019.09.15"]
[Round "9.11"]
[White "Gmaj, Krzysztof"]
[Black "Mika, Tomasz"]
[Result "0-1"]
[ECO "A45"]
[WhiteElo "2120"]
[BlackElo "2136"]
[Annotator "NA"]
[PlyCount "86"]
[EventDate "2019.09.07"]
[EventType "team-tourn"]
[EventCountry "POL"]
[SourceTitle "playchess.com"]
[Source "ChessBase"]
[SourceQuality "1"]
[TimeControl "40/5400+30:1800+30"]

1. d4 Nf6 2. Bf4 g6 3. e3 Bg7 4. h3 O-O $11 5. Nf3 b6 6. Be2 Bb7 7. O-O d6 8. c3 Nbd7 9. a4 a6 10. Nbd2 Qe8 11. Bh2 e5 12. Nc4 Ne4 13. Re1 Qe7 14. Nfd2 Nxd2 15. Nxd2 Rae8 16. Bf3 e4 17. Be2 a5 18. b4 Ra8 19. Nc4 Ba6 20. b5 Bb7 21. Rc1 f5 22. Nd2 Kh8 23. c4 g5 24. f3 Nf6 25. f4 Bh6 26. Rf1 Rg8 27. fxg5 Bxg5 28. Qb3 Qg7 29. Rf2 Bh4 30. Rcf1 Qg6 31. c5 Rg7 32. cxd6 cxd6 33. Bxd6 Rag8 34. Kh1 Bxf2 35. Rxf2 Ng4 36. hxg4 Qxd6 37. Rxf5 Rg6 38. Kg1 Qg3 39. Nf1 Qe1 40. Rh5 R8g7 41. Qc2 Rf6 42. d5 Rxg4 43. Rh2 Qf2+ 0-1

[Event "POL-chT 2 Liga 2019"]
[Site "Poronin"]
[Date "2019.09.15"]
[Round "9.12"]
[White "Swiech, Joanna"]
[Black "Kubicka, Anna"]
[Result "1/2-1/2"]
[ECO "A65"]
[WhiteElo "2055"]
[BlackElo "2225"]
[Annotator "NA"]
[PlyCount "65"]
[EventDate "2019.09.07"]
[EventType "team-tourn"]
[EventCountry "POL"]
[SourceTitle "playchess.com"]
[Source "ChessBase"]
[SourceQuality "1"]
[TimeControl "40/5400+30:1800+30"]

1. d4 Nf6 2. c4 c5 3. d5 e6 4. Nc3 exd5 5. cxd5 d6 6. e4 g6 7. Bd3 Bg7 8. f3 O-O 9. Nge2 Nbd7 10. O-O Ne5 11. Bc2 Bd7 12. a4 a6 13. b3 c4 14. Be3 b5 15. axb5 axb5 16. b4 Qc7 17. h3 Rxa1 18. Qxa1 Nd3 19. Qb1 Ne5 20. f4 Nd3 21. Bxd3 cxd3 22. Qxd3 Re8 23. Bd4 Nh5 24. Bxg7 Nxg7 25. Nd4 f5 26. Nf3 Nh5 27. Nd4 Qb6 28. Kh2 Ng7 29. Nf3 Nh5 30. Nd4 Ng7 31. Nf3 Nh5 32. Nd4 Ng7 33. Re1 1/2-1/2

[Event "POL-chT 2 Liga 2019"]
[Site "Poronin"]
[Date "2019.09.15"]
[Round "9.13"]
[White "Jedynak, Radoslaw"]
[Black "Wandzik, Wojciech"]
[Result "1/2-1/2"]
[ECO "E15"]
[WhiteElo "2341"]
[BlackElo "2409"]
[Annotator "NA"]
[PlyCount "103"]
[EventDate "2019.09.07"]
[EventType "team-tourn"]
[EventCountry "POL"]
[SourceTitle "playchess.com"]
[Source "ChessBase"]
[SourceQuality "1"]
[TimeControl "40/5400+30:1800+30"]

1. d4 Nf6 2. Nf3 e6 3. c4 b6 4. g3 Bb4+ 5. Bd2 a5 6. Bg2 Bb7 7. O-O O-O 8. Nc3 d6 9. Qc2 Nbd7 10. Rfe1 {[%emt 0:01:16] E16: Queen's Indian: 4 g3 Bb7 5 Bg2 Bb4+} Bxc3 11. Bxc3 Be4 12. Qc1 Qc8 $146 ({Predecessor:} 12... c6 13. Qf4 Qe7 14. Bh3 b5 15. b3 {½-½ (15) Banikas,H (2593)-Kryvoruchko,Y (2652) Paleochora 2011}) 13. Qf4 Qb7 14. Bf1 Rfe8 15. Nd2 e5 16. dxe5 dxe5 17. Qh4 Bc6 18. Rad1 Nf8 19. Nf3 Ng6 20. Qg5 Ne4 21. Qc1 f6 22. h4 Nf8 23. b3 Qc8 24. Bg2 Qf5 25. Qe3 Nxc3 26. Qxc3 Ne6 27. a3 Rad8 28. b4 axb4 29. axb4 $11 Qe4 30. e3 Rxd1 31. Rxd1 Qg4 32. e4 Bxe4 33. Re1 Bg6 34. Kh2 Qf5 35. Rd1 Bh5 36. Rd2 Kh8 37. c5 bxc5 38. bxc5 e4 39. Nd4 Qxc5 40. Qxc5 Nxc5 41. Nb5 c6 42. Nd6 Re6 43. Bh3 Re5 44. Rb2 g5 45. Rb8+ Kg7 46. Nf5+ Kf7 47. Nd6+ Ke7 48. Nf5+ Kf7 49. Nd6+ Kg7 50. Nf5+ Kf7 51. Nd6+ Kg7 52. Nf5+ 1/2-1/2

[Event "POL-chT 2 Liga 2019"]
[Site "Poronin"]
[Date "2019.09.15"]
[Round "9.14"]
[White "Lizak, Jakub"]
[Black "Mickiewicz, Piotr"]
[Result "0-1"]
[ECO "A01"]
[WhiteElo "2236"]
[BlackElo "2226"]
[Annotator "NA"]
[PlyCount "94"]
[EventDate "2019.09.07"]
[EventType "team-tourn"]
[EventCountry "POL"]
[SourceTitle "playchess.com"]
[Source "ChessBase"]
[SourceQuality "1"]
[TimeControl "40/5400+30:1800+30"]

1. b3 e5 2. Bb2 Nc6 3. e3 d5 4. Bb5 Bd6 5. f4 Qh4+ (5... Qe7 6. Nf3 f6 7. fxe5 fxe5 8. Bxc6+ bxc6 9. Nxe5 Nf6 10. Nxc6 Qf7 11. O-O O-O 12. Bxf6 gxf6 13. Nc3 Kh8 14. Qf3 {1-0 (24) Nakamura,H (2777)-Hou,Y (2658) chess.com INT 2018}) 6. g3 {[%emt 0:00:07] A01: Nimzowitsch-Larsen Opening} Qe7 7. Qe2 Nf6 8. Nf3 Bg4 9. h3 Bxf3 10. Qxf3 O-O 11. Bxc6 bxc6 12. O-O Rae8 $146 ({Predecessor:} 12... e4 13. Qg2 Nd7 14. Nc3 f5 15. Kh2 Nc5 16. Rg1 Ne6 17. Qe2 g6 {½-½ (30) Westermeyer,A-Lynch,K Maputo 1996}) 13. Nc3 d4 14. fxe5 Bxe5 15. exd4 $1 Bxd4+ 16. Kg2 c5 17. Rad1 Qe5 18. Ba3 Re6 19. Qd3 Bxc3 20. dxc3 Ne4 21. Rde1 f5 22. Bc1 Rfe8 23. Rf3 c6 24. Qa6 Rg6 25. Bf4 Qd5 26. Qxa7 h5 27. Rd3 Qe6 28. Rd6 Nxd6 29. Rxe6 Rexe6 30. Qxc5 $18 Ne4 31. Qc4 h4 32. a4 Nxg3 33. a5 Kh7 34. Bb8 Ne4+ 35. Kh2 c5 36. b4 cxb4 37. cxb4 Rc6 38. Qe2 Ng3 39. Qd1 Rce6 40. Bxg3 hxg3+ 41. Kg1 g2 42. b5 f4 43. a6 f3 44. Kf2 Rgf6 45. a7 Re2+ 46. Kg3 f2 47. Qd3+ Kh6 0-1